 Dungeon Crawl Stone Soup version 0.16.2-14-g7133f4a77c (webtiles) character file.

238 faibistes the Magician (level 5, -1/28 HPs)
             Began as a Deep Elf Wizard on Sept 14, 2021.
             Slain by a phantom (3 damage)
             ... on level 3 of the Dungeon.
             The game lasted 00:08:55 (3944 turns).

faibistes the Magician (Deep Elf Wizard)            Turns: 3944, Time: 00:08:55

Health: -1/28      AC:  3    Str:  3 (4)  XL:     5   Next: 78%
Magic:  11/20      EV: 14    Int: 29      God:
Gold:   117        SH:  0    Dex: 16      Spells: 6 memorised, 3 levels left

rFire  . . .     SeeInvis .     h - +0 dagger
rCold  . . .     Clarity  .     a - +0 robe
rNeg   . . .     SustAb   .     (no shield)
rPois  .         Gourm    .     b - +0 hat
rElec  .         Spirit   .     x - +0 cloak
rCorr  .         Warding  .     (no gloves)
rMut   .         Stasis   .     (no boots)
MR     .....                    (no amulet)
Stlth  ++........               (no ring)
                                q - +3 ring of dexterity

@: brilliant, very slightly contaminated, hasted, very quick, not resistant to
hostile enchantments, unstealthy
A: no striking features
a: no special abilities


You were on level 3 of the Dungeon.
You were very hungry.

You visited 1 branch of the dungeon, and saw 6 of its levels.

You collected 117 gold pieces.

Inventory:

Hand weapons
 h - a +0 dagger (weapon)
 o - a +2 spear of piercing
Armour
 a - a +0 robe (worn)
 b - a +0 hat (worn)
 x - a +0 cloak (worn)
Jewellery
 q - a +3 ring of dexterity (left hand)
Magical devices
 t - a wand of magic darts (17)
Scrolls
 f - a scroll of remove curse {unknown}
 i - 2 scrolls of fog {unknown}
 j - a scroll of amnesia {unknown}
 l - a scroll of enchant armour {unknown}
 n - 3 scrolls of identify {unknown}
 v - a scroll of enchant weapon {unknown}
Potions
 e - a potion of might {unknown}
 k - a potion of agility {unknown}
 m - a potion of ambrosia {unknown}
 s - a potion of brilliance
 u - a potion of heal wounds {unknown}
 z - a potion of degeneration
 A - a potion of haste
Books
 c - a book of Minor Magic

   Spells                             Type                      Level
   a - Magic Dart                     Conjuration                  1
   b - Blink                          Translocation                2
   c - Call Imp                       Summoning                    2
   d - Repel Missiles                 Charms/Air                   2
   e - Slow                           Hexes                        2
   f - Conjure Flame                  Conjuration/Fire             3
   g - Mephitic Cloud                 Conjuration/Poison/Air       3
 r - a book of Clouds

   Spells                             Type                      Level
   a - Mephitic Cloud                 Conjuration/Poison/Air       3
   b - Conjure Flame                  Conjuration/Fire             3
   c - Poisonous Cloud                Conjuration/Poison/Air       6
   d - Freezing Cloud                 Conjuration/Ice/Air          6
   e - Ring of Flames                 Charms/Fire                  7
Comestibles
 d - 3 bread rations
 g - a slice of pizza
 p - a meat ration
 w - 2 fruits


   Skills:
 + Level 4.2 Dodging
 - Level 2.4 Stealth
 - Level 6.4 Spellcasting
 - Level 3.8 Conjurations
 - Level 1.1 Summonings
 - Level 1.1 Translocations


You had 3 spell levels left.
You knew the following spells:

 Your Spells              Type           Power        Failure   Level  Hunger
a - Magic Dart            Conj           ####         1%          1    None
b - Conjure Flame         Conj/Fire      #####...     1%          3    None
c - Call Imp              Summ           ####....     1%          2    None
d - Blink                 Tloc           N/A          1%          2    None
e - Mephitic Cloud        Conj/Pois/Air  ####....     1%          3    None
f - Repel Missiles        Chrm/Air       ####..       1%          2    None


Dungeon Overview and Level Annotations

Branches:
Dungeon (6/15)
 Temple: D:4-7

Altars:
Dithmenos
Gozag
Kikubaaqudgha
Okawaru
Qazlal
Zin

Annotations:
D:5 Pikel


Message History

You feel clever all of a sudden.
The phantom blinks!
Drink which item? (? for menu, Esc to quit)
It was a potion of degeneration.
There was something very wrong with that liquid.
You feel weakened.
Drink which item? (? for menu, Esc to quit)
Why would you want to do that?
Unknown command.
Drink which item? (? for menu, Esc to quit)
It was a potion of haste.
You feel yourself speed up.
Casting: Conjure Flame
Confirm with . or Enter, or press ? or * to list all spells.
Aiming: Magic Dart
Press: ? - help, Shift-Dir - straight line, f - phantom
Aim: a phantom (flame)
The magic dart hits the phantom.
The phantom is engulfed in roaring flames.
The phantom hits you.
You die...

# # .#. ##.#
######### ..#
#.......# #.# #.#
#<# #.###.# #.#
#.....# #.#
....#######.###.#
#.#
.......ยง@W..#
#.#####.#
.##########.#
#.......# #.#
####.#### #.# #.#
#.# #.# #.# #.#
#.# #.# #.. #.# #
#.#


You could see a phantom.

Vanquished Creatures
  An ogre (D:4)
  A jelly (D:6)
  4 gnolls
  3 adders
  A worm (D:2)
  3 giant geckos
  2 oozes
  6 ball pythons
  6 bats
  3 giant cockroaches
  8 hobgoblins (D:1)
  4 jackals (D:2)
  2 kobolds
  A quokka (D:3)
  A giant newt (D:1)
  8 goblins (D:1)
  3 rats (D:1)
57 creatures vanquished.

Vanquished Creatures (collateral kills)
  6 jackals
  A kobold (D:2)
7 creatures vanquished.

Grand Total: 64 creatures vanquished

Notes
Turn   | Place    | Note
--------------------------------------------------------------
     0 | D:1      | faibistes, the Deep Elf Wizard, began the quest for the Orb.
     0 | D:1      | Reached XP level 1. HP: 10/10 MP: 6/6
   289 | D:1      | Reached XP level 2. HP: 15/15 MP: 2/10
   376 | D:1      | Learned a level 2 spell: Blink
   379 | D:1      | Learned a level 2 spell: Call Imp
   552 | D:1      | Reached skill level 5 in Spellcasting
  1005 | D:1      | Reached XP level 3. HP: 15/19 MP: 3/14
  1010 | D:1      | Learned a level 3 spell: Conjure Flame
  1014 | D:1      | Learned a level 3 spell: Mephitic Cloud
  1637 | D:2      | Found an iron altar of Okawaru.
  1800 | D:2      | Reached XP level 4. HP: 24/24 MP: 10/17
  1805 | D:2      | Learned a level 2 spell: Repel Missiles
  2776 | D:2      | Reached skill level 6 in Spellcasting
  2887 | D:2      | Found an opulent altar of Gozag.
  2888 | D:2      | Found a glowing silver altar of Zin.
  3336 | D:2      | Found an ancient bone altar of Kikubaaqudgha.
  3455 | D:2      | Found a shadowy altar of Dithmenos.
  3487 | D:2      | Found a stormy altar of Qazlal.
  3736 | D:4      | Noticed an ogre
  3747 | D:4      | Killed an ogre
  3747 | D:4      | Reached XP level 5. HP: 24/28 MP: 4/20
  3838 | D:5      | Entered Level 5 of the Dungeon
  3838 | D:5      | Found an iron altar of Okawaru.
  3838 | D:5      | Noticed a centaur
  3838 | D:5      | Noticed a phantom
  3842 | D:5      | Noticed a slave
  3843 | D:5      | Noticed Pikel
  3929 | D:5      | Noticed a slave
  3930 | D:5      | Noticed a slave
  3937 | D:3      | HP: 1/28 [quokka (1)]
  3944 | D:3      | Slain by a phantom

Action                   |  1- 3 |  4- 6 || total
-------------------------+-------+-------++-------
Melee: Unarmed           |     3 |       ||     3
       Dagger            |     4 |     4 ||     8
       Spear             |       |     9 ||     9
 Cast: Magic Dart        |    84 |    60 ||   144
       Call Imp          |     2 |     3 ||     5
       Mephitic Cloud    |     3 |     8 ||    11
       Blink             |     1 |    10 ||    11
       Conjure Flame     |       |     6 ||     6
       Repel Missiles    |       |     1 ||     1
  Use: Potion            |       |     3 ||     3
 Stab: Confused          |     1 |       ||     1
  Eat: Chunk             |     3 |     4 ||     7
       Fruit             |       |     1 ||     1
